[Event "ICC tourney 2462 (45 10)"]
[Site "Internet Chess Club"]
[Date "2021.03.20"]
[Round "3"]
[White "UDOVENKO, DANIEL ALEXANDER:DanielA1926"]
[Black "LIU, RICHARD:TheCheekiBreeki"]
[Result "1/2-1/2"]
[ICCResult "Game drawn by mutual agreement"]
[WhiteElo "1764"]
[BlackElo "1792"]
[Opening "QGD: Tartakower (Makagonov-Bondarevsky) system, 8.cd Nxd5"]
[ECO "D59"]
[NIC "QO.10"]
[Time "16:01:47"]
[PlyCount "73"]
[TimeControl "2700+10"]

1. d4 Nf6 2. Nf3 e6 3. c4 d5 4. Nc3 Be7 5. Bg5 h6 6. Bh4 O-O 7. e3 b6 8.
cxd5 Nxd5 9. Bxe7 Qxe7 10. Nxd5 exd5 11. Be2 Bb7 12. O-O Nd7 13. Rc1 c5 14.
b3 Rac8 15. Qd2 Nf6 16. Qb2 Rfd8 17. Qa3 a5 18. Bd3 Ne4 19. Rfd1 Rc7 20.
dxc5 Rxc5 21. Nd4 Rdc8 22. Rxc5 Qxc5 23. Qb2 Qc7 24. Bxe4 dxe4 25. Nf5 Qc3
26. Qxc3 Rxc3 27. h3 Rd3 28. Rc1 h5 29. Rc7 Bd5 30. Ne7+ Kf8 31. Nf5 Kg8
32. Ne7+ Kf8 33. Nf5 Rd1+ 34. Kh2 Kg8 35. Ne7+ Kf8 36. Nf5 Be6 37. Nd4 {
Game drawn by mutual agreement } 1/2-1/2

[Event "ICC tourney 2462 (45 10)"]
[Site "Internet Chess Club"]
[Date "2021.03.20"]
[Round "3"]
[White "YANG, HENRY BOHAN:coolhappyfish"]
[Black "RODENSTEIN, ALAN:arconsul2"]
[Result "0-1"]
[ICCResult "White resigns"]
[WhiteElo "1713"]
[BlackElo "1756"]
[Opening "Catalan: closed, 5.Nf3"]
[ECO "E06"]
[NIC "CA.04"]
[Time "16:02:33"]
[PlyCount "82"]
[TimeControl "2700+10"]

1. d4 d5 2. c4 e6 3. Nf3 Nf6 4. g3 Be7 5. Bg2 O-O 6. O-O c6 7. Nc3 b6 8. b3
Nbd7 9. Bb2 Ba6 10. cxd5 cxd5 11. Re1 Bb7 12. Rc1 Rc8 13. e3 Bb4 14. a3
Bxc3 15. Bxc3 Ne4 16. Bb4 Re8 17. a4 Ndf6 18. Nd2 a5 19. Nxe4 Nxe4 20. Ba3
Ba6 21. Bf1 Bxf1 22. Rxf1 Qd7 23. Qd3 g6 24. f3 Nf6 25. Qa6 Rb8 26. Rc2
Rec8 27. Rfc1 Rxc2 28. Rxc2 Kg7 29. Kf2 h5 30. h3 Ne8 31. Ke2 e5 32. g4
hxg4 33. hxg4 e4 34. Rc1 exf3+ 35. Kxf3 Nf6 36. Rg1 Qe6 37. Qd3 Ne4 38. Ke2
Rh8 39. Rg2 Nf6 40. g5 Ne4 41. Qd1 Nc3+ { White resigns } 0-1

[Event "ICC tourney 2462 (45 10)"]
[Site "Internet Chess Club"]
[Date "2021.03.20"]
[Round "3"]
[White "POMPE, NIKO:kralj8"]
[Black "SHANKAR, PRANAV:pianoboy"]
[Result "1-0"]
[ICCResult "Black resigns"]
[WhiteElo "1917"]
[BlackElo "1826"]
[Opening "Caro-Kann: two knights variation"]
[ECO "B11"]
[NIC "CK.01"]
[Time "16:01:44"]
[PlyCount "91"]
[TimeControl "2700+10"]

1. e4 c6 2. Nc3 d5 3. Nf3 dxe4 4. Nxe4 Nf6 5. Nxf6+ exf6 6. d4 Bd6 7. Bd3
O-O 8. O-O Bg4 9. h3 Bh5 10. c3 Bc7 11. b4 Re8 12. g4 Bg6 13. Nh4 Bxd3 14.
Qxd3 Nd7 15. f4 Qe7 16. Bd2 Qe2 17. Qxe2 Rxe2 18. Rf2 Rae8 19. Kf1 R2e4 20.
Nf5 Nb6 21. Ng3 R4e7 22. Nf5 Re6 23. Re1 Nc4 24. Rxe6 Nxd2+ 25. Rxd2 fxe6
26. Nh4 Bxf4 27. Re2 Kf7 28. Nf3 Ra8 29. Rb2 b5 30. a4 a6 31. Ke2 Ke7 32.
Ne1 Kd6 33. Nd3 g5 34. Nc5 e5 35. Kd3 exd4 36. cxd4 Re8 37. Ne4+ Kc7 38.
Ra2 Kb6 39. a5+ Kc7 40. Re2 Re6 41. Nc5 Rxe2 42. Nxa6+ Kd6 43. Kxe2 Bc1 44.
Nc5 Ba3 45. a6 Kc7 46. a7 { Black resigns } 1-0

[Event "ICC tourney 2462 (45 10)"]
[Site "Internet Chess Club"]
[Date "2021.03.20"]
[Round "3"]
[White "REVELLON, LUCAS:Lukastico"]
[Black "GUEVARA-RODRIGUEZ, MARIO:aquilesboy"]
[Result "0-1"]
[ICCResult "White checkmated"]
[WhiteElo "1911"]
[BlackElo "1884"]
[Opening "Queen's Indian: old main line, 7.Nc3"]
[ECO "E18"]
[NIC "QI.09"]
[Time "16:01:41"]
[PlyCount "116"]
[TimeControl "2700+10"]

1. Nf3 Nf6 2. d4 b6 3. c4 e6 4. g3 Bb7 5. Bg2 Be7 6. O-O O-O 7. Nc3 d5 8.
Ne5 Qc8 9. Qa4 dxc4 10. Qxc4 Bxg2 11. Kxg2 c5 12. d5 Qb7 13. e4 exd5 14.
Nxd5 Nxd5 15. Qxd5 Qxd5 16. exd5 Rd8 17. Rd1 Bf6 18. Bf4 h6 19. Rab1 g5 20.
Ng4 Bg7 21. Be5 Nd7 22. Bc3 b5 23. Ba5 Nb6 24. Ne3 Rd7 25. Bxb6 axb6 26. a3
Kh7 27. g4 Ra4 28. h3 Rd4 29. b3 Rxd1 30. Rxd1 Bd4 31. b4 Bc3 32. Rd3 cxb4
33. axb4 Bxb4 34. Rb3 Bc5 35. Rxb5 Rd6 36. Kf3 Bxe3 37. fxe3 Kg6 38. e4 Kf6
39. Ke3 Ke5 40. Rb1 Rf6 41. Rb4 Rd6 42. Rc4 b5 43. Rc7 Rf6 44. Re7+ Kd6 45.
Re8 Kc7 46. Kd4 b4 47. Kc5 b3 48. e5 b2 49. d6+ Kb7 50. Re7+ Ka6 51. exf6
b1=Q 52. d7 Qb5+ 53. Kd6 Qb6+ 54. Ke5 Qe3+ 55. Kd6 Qd4+ 56. Kc7 Qb6+ 57.
Kc8 Qb7+ 58. Kd8 Qb8# { White checkmated } 0-1

[Event "ICC tourney 2462 (45 10)"]
[Site "Internet Chess Club"]
[Date "2021.03.20"]
[Round "4"]
[White "GAW, CHLOE:HarleyQueen8"]
[Black "YANG, LEO:yanje03"]
[Result "1-0"]
[ICCResult "Black resigns"]
[WhiteElo "1866"]
[BlackElo "1678"]
[Opening "Nimzo-Indian: classical variation"]
[ECO "E32"]
[NIC "NI.20"]
[Time "18:31:58"]
[PlyCount "35"]
[TimeControl "2700+10"]

1. d4 Nf6 2. c4 e6 3. Nc3 Bb4 4. Qc2 O-O 5. a3 Bxc3+ 6. Qxc3 b6 7. Bg5 h6
8. Bh4 Bb7 9. f3 d5 10. e3 c5 11. cxd5 cxd4 12. Qxd4 exd5 13. Bxf6 Qxf6 14.
Qxf6 g6 15. Bd3 Nd7 16. Qd4 Rfe8 17. Ne2 Nc5 18. Bc2 { Black resigns } 1-0

[Event "ICC tourney 2462 (45 10)"]
[Site "Internet Chess Club"]
[Date "2021.03.20"]
[Round "4"]
[White "JIA, PAUL GUOYU:liguowh"]
[Black "STEINER, ADAMSON:poohfur"]
[Result "1-0"]
[ICCResult "Black resigns"]
[WhiteElo "1972"]
[BlackElo "1692"]
[Opening "Ruy Lopez: exchange variation"]
[ECO "C68"]
[NIC "RL.08"]
[Time "18:32:33"]
[PlyCount "57"]
[TimeControl "2700+10"]

1. e4 e5 2. Nf3 Nc6 3. Bb5 a6 4. Bxc6 dxc6 5. d4 exd4 6. Qxd4 Qxd4 7. Nxd4
Nf6 8. f3 c5 9. Nb3 c4 10. Nd4 c5 11. Ne2 h6 12. a4 g5 13. Nbc3 Bg7 14. Be3
b6 15. a5 Rb8 16. axb6 Rxb6 17. Na4 Rb5 18. Bxc5 Bd7 19. Nd4 Ra5 20. b3
Bxa4 21. Bb4 Re5 22. Rxa4 Nxe4 23. fxe4 Rxe4+ 24. Ne2 cxb3 25. cxb3 Kd7 26.
O-O Rxe2 27. Rxf7+ Kc8 28. Rxa6 Kb8 29. Bd6+ { Black resigns } 1-0

[Event "ICC tourney 2462 (45 10)"]
[Site "Internet Chess Club"]
[Date "2021.03.20"]
[Round "4"]
[White "YAN, NATHAN:Natey"]
[Black "YERRAJENNU, SISIRA S:ybabji"]
[Result "0-1"]
[ICCResult "White checkmated"]
[WhiteElo "1868"]
[BlackElo "1921"]
[Opening "Pirc defense"]
[ECO "B07"]
[NIC "PU.08"]
[Time "18:31:59"]
[PlyCount "66"]
[TimeControl "2700+10"]

1. e4 d6 2. d4 Nf6 3. Nc3 e5 4. dxe5 dxe5 5. Qxd8+ Kxd8 6. Bg5 Bd6 7. Bxf6+
gxf6 8. O-O-O Be6 9. Nf3 Nd7 10. Bb5 a6 11. Bxd7 Kxd7 12. Nd5 Bxd5 13. Rxd5
Ke6 14. Rhd1 Rhg8 15. g3 Rad8 16. Nh4 c6 17. R5d3 Bc7 18. Nf5 Rxd3 19. Rxd3
Rd8 20. Rxd8 Bxd8 21. f3 Bb6 22. g4 Bg1 23. h3 Bd4 24. c3 Bb6 25. Kc2 a5
26. Kb3 Bc5 27. Kc4 b6 28. a4 Bf2 29. b4 Be1 30. bxa5 bxa5 31. Kc5 Kd7 32.
c4 Bf2+ 33. Nd4 Bxd4# { White checkmated } 0-1

[Event "ICC tourney 2462 (45 10)"]
[Site "Internet Chess Club"]
[Date "2021.03.20"]
[Round "4"]
[White "LI, DAVID TONGJIA:UltimateDL"]
[Black "GARDEZI, ARSAL:Arsalchess"]
[Result "1-0"]
[ICCResult "Black resigns"]
[WhiteElo "1767"]
[BlackElo "1859"]
[Opening "Scotch: Potter variation"]
[ECO "C45"]
[NIC "SO.05"]
[Time "18:32:28"]
[PlyCount "67"]
[TimeControl "2700+10"]

1. e4 e5 2. Nf3 Nc6 3. d4 exd4 4. Nxd4 Bc5 5. Nb3 Bb6 6. Nc3 d6 7. Qe2 Be6
8. Be3 Ne5 9. Bxb6 axb6 10. f4 Nc6 11. O-O-O Qd7 12. Qf2 Nge7 13. a3 Bxb3
14. cxb3 O-O-O 15. Bc4 Na5 16. Bxf7 Rhf8 17. b4 Rxf7 18. bxa5 Qc6 19. axb6
d5 20. bxc7 Kxc7 21. Qd4 Rd6 22. Kb1 Rxf4 23. Nxd5+ Nxd5 24. Qxg7+ Kb6 25.
exd5 Rxd5 26. Rxd5 Qxd5 27. Qh6+ Ka7 28. Qxf4 Qxg2 29. Qd4+ Ka8 30. Re1
Qg6+ 31. Ka1 Kb8 32. Qe5+ Ka7 33. Qe3+ Ka6 34. Qe6+ { Black resigns } 1-0

[Event "ICC tourney 2462 (45 10)"]
[Site "Internet Chess Club"]
[Date "2021.03.20"]
[Round "4"]
[White "CAREY, MICHAEL P:xyzchessdude"]
[Black "MARKOVIC, GORAN:Goran21"]
[Result "1-0"]
[ICCResult "Black checkmated"]
[WhiteElo "1953"]
[BlackElo "1989"]
[Opening "King's Indian: fianchetto, lesser Simagin (Spassky) variation"]
[ECO "E62"]
[NIC "KI.72"]
[Time "18:32:07"]
[PlyCount "101"]
[TimeControl "2700+10"]

1. Nf3 d6 2. d4 Nf6 3. g3 g6 4. Bg2 Bg7 5. c4 O-O 6. O-O Nc6 7. Nc3 Bf5 8.
Ne1 Qd7 9. e4 Bg4 10. f3 Bh3 11. Be3 e5 12. d5 Nd4 13. Nc2 Nxc2 14. Qxc2
Nh5 15. c5 Bxg2 16. Kxg2 f5 17. Qe2 Rf7 18. cxd6 cxd6 19. Rac1 a6 20. Nb1
Raf8 21. Nd2 Qe7 22. Nc4 f4 23. Bd2 b5 24. Na5 Qg5 25. g4 Nf6 26. h3 h5 27.
Rcd1 hxg4 28. hxg4 Nxg4 29. fxg4 f3+ 30. Qxf3 Qh4 31. Qe2 Rf2+ 32. Rxf2
Rxf2+ 33. Qxf2 Qxg4+ 34. Kf1 Qxd1+ 35. Be1 Bh6 36. Qe2 Qc1 37. Nc6 Qf4+ 38.
Kg2 Kg7 39. Qf3 Qc1 40. Qe2 Bg5 41. Nb4 Qc8 42. Nd3 Qd7 43. Bg3 Qc8 44. Nf2
Qc1 45. b3 Be3 46. Kf3 Bd4 47. Nh3 Qh1+ 48. Kg4 b4 49. Qf3 Qb1 50. Ng5 Kh6
51. Qf8# { Black checkmated } 1-0

[Event "ICC tourney 2462 (45 10)"]
[Site "Internet Chess Club"]
[Date "2021.03.20"]
[Round "4"]
[White "RAJMOHAN, VIKRAM:vikram251107"]
[Black "POMPE, NIKO:kralj8"]
[Result "0-1"]
[ICCResult "White resigns"]
[WhiteElo "1993"]
[BlackElo "1917"]
[Opening "Scotch gambit: Dubois-Réti defense"]
[ECO "C55"]
[NIC "KP.02"]
[Time "18:32:02"]
[PlyCount "60"]
[TimeControl "2700+10"]

1. e4 e5 2. Nf3 Nc6 3. d4 exd4 4. Bc4 Nf6 5. e5 d5 6. Bb5 Ne4 7. Nxd4 Bc5
8. Be3 O-O 9. Nxc6 bxc6 10. Bxc5 Nxc5 11. Bxc6 Rb8 12. Bxd5 Ba6 13. b3 Qg5
14. Qd4 Qc1+ 15. Qd1 Qb2 16. f4 Qxa1 17. Kf2 Ne6 18. f5 Qd4+ 19. Qxd4 Nxd4
20. Be4 Rfe8 21. Ke3 c5 22. c3 Nb5 23. Kf4 g5+ 24. Kxg5 Rxe5 25. Bd3 Nc7
26. Bxa6 Nxa6 27. Rd1 Nc7 28. Rd7 Ne8 29. g4 Re2 30. Rxa7 Rb2 { White
resigns } 0-1

[Event "ICC tourney 2462 (45 10)"]
[Site "Internet Chess Club"]
[Date "2021.03.20"]
[Round "4"]
[White "GANBAATAR, AMARJARGAL:AmyMGL"]
[Black "SU, JASMINE ZHIXIN:chessisthebest1"]
[Result "0-1"]
[ICCResult "White checkmated"]
[WhiteElo "1900"]
[BlackElo "1806"]
[Opening "Sicilian: Najdorf, Lipnitzky attack"]
[ECO "B86"]
[NIC "SI.13"]
[Time "18:32:10"]
[PlyCount "72"]
[TimeControl "2700+10"]

1. e4 c5 2. Nf3 d6 3. d4 cxd4 4. Nxd4 Nf6 5. Nc3 a6 6. Bc4 e6 7. O-O Be7 8.
a4 O-O 9. Kh1 Nbd7 10. f4 Qc7 11. Bxe6 fxe6 12. Nxe6 Qc4 13. Nxf8 Bxf8 14.
Qe1 b6 15. a5 b5 16. b3 Qe6 17. f5 Qf7 18. Bf4 Bb7 19. Rd1 Re8 20. Bxd6
Bxd6 21. Rxd6 Nxe4 22. Nxe4 Rxe4 23. Qd2 Nf8 24. h3 Qh5 25. Rf2 Re5 26. Kg1
Rxf5 27. g4 Qxh3 28. Rxf5 Qxg4+ 29. Kh2 Qxf5 30. Rd8 Qh5+ 31. Kg3 Qf3+ 32.
Kh2 h5 33. Rd3 Qh1+ 34. Kg3 Qg1+ 35. Kf4 Ng6+ 36. Kf5 Qg4# { White
checkmated } 0-1

[Event "ICC tourney 2462 (45 10)"]
[Site "Internet Chess Club"]
[Date "2021.03.20"]
[Round "4"]
[White "QIN, VINCENT:VQinchess"]
[Black "LANCMAN, KALEB:kaleblancman"]
[Result "1/2-1/2"]
[ICCResult "Game drawn by mutual agreement"]
[WhiteElo "1855"]
[BlackElo "1839"]
[Opening "Caro-Kann: advance variation"]
[ECO "B12"]
[NIC "CK.04"]
[Time "18:32:38"]
[PlyCount "104"]
[TimeControl "2700+10"]

1. e4 c6 2. d4 d5 3. e5 Bf5 4. Nf3 e6 5. Be2 Nd7 6. O-O Ne7 7. Nbd2 h6 8.
Nb3 Bh7 9. Re1 Nf5 10. Bd2 Be7 11. Rc1 O-O 12. c4 dxc4 13. Bxc4 Nb6 14. Bd3
Nd5 15. Qc2 Bb4 16. a3 Bxd2 17. Nbxd2 Nf4 18. Be4 Bg6 19. Nb3 Ne7 20. Nc5
b6 21. Nb7 Qc7 22. Nd6 Bxe4 23. Rxe4 Nfd5 24. Nd2 f6 25. Rg4 f5 26. Rg3 a6
27. N2c4 b5 28. Ne3 Nb6 29. Qb3 f4 30. Qxe6+ Kh8 31. Rh3 fxe3 32. fxe3 Ng8
33. b3 Qe7 34. Qg4 Nc8 35. Nf5 Qf7 36. Rf3 Nce7 37. e6 Qg6 38. Qxg6 Nxg6
39. Rxc6 N6e7 40. Nxe7 Nxe7 41. Rc7 Nd5 42. Rxf8+ Rxf8 43. Rc5 Nxe3 44. h3
Kg8 45. d5 Nf5 46. g4 Nd4 47. e7 Re8 48. d6 Ne6 49. Re5 Kf7 50. d7 Rxe7 51.
Rxe6 Rxd7 52. Rxa6 Rd3 { Game drawn by mutual agreement } 1/2-1/2

[Event "ICC tourney 2462 (45 10)"]
[Site "Internet Chess Club"]
[Date "2021.03.20"]
[Round "4"]
[White "LIU, PATRICK PEIJUN:JunlinTheWorld"]
[Black "UDOVENKO, DANIEL ALEXANDER:DanielA1926"]
[Result "1-0"]
[ICCResult "Black checkmated"]
[WhiteElo "1869"]
[BlackElo "1764"]
[Opening "Sicilian: Scheveningen (Paulsen), classical variation"]
[ECO "B84"]
[NIC "SI.23"]
[Time "18:32:23"]
[PlyCount "131"]
[TimeControl "2700+10"]

1. e4 c5 2. Nf3 d6 3. d4 cxd4 4. Nxd4 Nf6 5. Nc3 a6 6. Be2 e6 7. Be3 Be7 8.
Qd2 O-O 9. O-O b5 10. a3 Bb7 11. f4 Nxe4 12. Nxe4 Bxe4 13. Bf3 Bxf3 14.
Rxf3 Bf6 15. Raf1 Nd7 16. g4 Bxd4 17. Bxd4 e5 18. Be3 exf4 19. Rxf4 Ne5 20.
Qd5 Qd7 21. Bd4 Rae8 22. h3 Ng6 23. R4f2 Qe6 24. Qb7 Qe4 25. Qxe4 Rxe4 26.
Bc3 h6 27. Rd2 Rd8 28. Kg2 f6 29. Rfd1 Re6 30. Bb4 d5 31. Kf3 Ne5+ 32. Kf2
Nc4 33. Rxd5 Rxd5 34. Rxd5 Nxb2 35. Rd6 Rxd6 36. Bxd6 Kf7 37. Kf3 Nc4 38.
Bc5 g6 39. Ke4 Ke6 40. Bf8 f5+ 41. gxf5+ gxf5+ 42. Kf4 Kf6 43. h4 h5 44.
Bc5 Ne5 45. Bd4 Ke6 46. Bxe5 a5 47. Bc3 a4 48. Bb2 Kf7 49. Kxf5 Ke7 50. Kg5
Kd6 51. Kxh5 Kc5 52. Kg6 b4 53. axb4+ Kxb4 54. h5 a3 55. Bxa3+ Kxa3 56. h6
Kb2 57. c4 Kc3 58. c5 Kb4 59. c6 Kb5 60. c7 Ka4 61. c8=Q Kb3 62. h7 Ka2 63.
h8=Q Kb1 64. Qh1+ Kb2 65. Qhb7+ Ka3 66. Qca8# { Black checkmated } 1-0

[Event "ICC tourney 2462 (45 10)"]
[Site "Internet Chess Club"]
[Date "2021.03.20"]
[Round "4"]
[White "RODENSTEIN, ALAN:arconsul2"]
[Black "NAIR, ADVAIT SHANKAR:sujashankar"]
[Result "1/2-1/2"]
[ICCResult "Game drawn by repetition"]
[WhiteElo "1756"]
[BlackElo "1750"]
[Opening "Queen's pawn: London system"]
[ECO "A45"]
[NIC "QP.07"]
[Time "18:32:04"]
[PlyCount "102"]
[TimeControl "2700+10"]

1. d4 Nf6 2. Bf4 d5 3. e3 c5 4. c3 Nc6 5. Nd2 Qb6 6. Qc2 e6 7. Ngf3 cxd4 8.
exd4 Be7 9. Bd3 O-O 10. Ng5 h6 11. h4 Bd7 12. Nh7 Rfc8 13. Nxf6+ Bxf6 14.
Bh7+ Kh8 15. Qd3 Na5 16. Qb1 Nc4 17. Nxc4 dxc4 18. Qc2 a5 19. Be4 Bc6 20.
f3 Re8 21. O-O-O a4 22. a3 e5 23. Bxc6 bxc6 24. dxe5 Bxe5 25. Bxe5 Rxe5 26.
Rd4 Rae8 27. Rhd1 Re2 28. R4d2 Qe3 29. Kb1 Re1 30. Rxe1 Qxe1+ 31. Ka2 Qe3
32. Qd1 Qa7 33. Rd8 Rxd8 34. Qxd8+ Kh7 35. Qd6 Qb6 36. Qb4 Qb5 37. Kb1 Kg6
38. Kc1 f6 39. Qe7 Qd5 40. Qe8+ Kf5 41. Qh5+ Kf4 42. Qg4+ Ke3 43. f4 Kf2
44. Qxg7 Qxg2 45. Qa7+ Ke1 46. Qe3+ Qe2 47. Qg1+ Qf1 48. Qe3+ Qe2 49. Qg1+
Qf1 50. Qe3+ Qe2 51. Qg1+ Qf1 { Game drawn by repetition } 1/2-1/2

[Event "ICC tourney 2462 (45 10)"]
[Site "Internet Chess Club"]
[Date "2021.03.20"]
[Round "4"]
[White "REVELLON, LUCAS:Lukastico"]
[Black "Reiss, Aiden:Aidenrchess"]
[Result "1/2-1/2"]
[ICCResult "Game drawn by mutual agreement"]
[WhiteElo "1911"]
[BlackElo "1853"]
[Opening "Queen's Indian: old main line, 7.Nc3"]
[ECO "E18"]
[NIC "QI.09"]
[Time "18:32:04"]
[PlyCount "85"]
[TimeControl "2700+10"]

1. Nf3 Nf6 2. d4 e6 3. c4 b6 4. g3 Bb7 5. Bg2 Be7 6. O-O O-O 7. Nc3 d6 8.
Re1 Nbd7 9. e4 c5 10. d5 exd5 11. exd5 Re8 12. Bf4 a6 13. Qd2 Nf8 14. Nh4
Nh5 15. Nf5 Nxf4 16. Qxf4 Ng6 17. Qg4 Bc8 18. f4 Bf6 19. Bh3 Ne7 20. Nxe7+
Rxe7 21. f5 Bd4+ 22. Kg2 Re5 23. Rxe5 Bxe5 24. Re1 Bd7 25. Ne4 b5 26. b3
bxc4 27. bxc4 Rb8 28. Re2 Rb4 29. Ng5 h6 30. Nf3 Bf6 31. Qf4 Bb5 32. Rc2
Qe7 33. Kf2 Ba4 34. Re2 Rb2 35. Bf1 Bd1 36. Rxb2 Bxb2 37. Qd2 Bxf3 38. Kxf3
Bd4 39. Bd3 Kf8 40. Qe2 Qxe2+ 41. Bxe2 Ke7 42. Ke4 Bg1 43. h3 { Game drawn
by mutual agreement } 1/2-1/2

[Event "ICC tourney 2462 (45 10)"]
[Site "Internet Chess Club"]
[Date "2021.03.20"]
[Round "4"]
[White "LIU, RICHARD:TheCheekiBreeki"]
[Black "YANG, HENRY BOHAN:coolhappyfish"]
[Result "1-0"]
[ICCResult "Black resigns"]
[WhiteElo "1792"]
[BlackElo "1713"]
[Opening "QGD: Orthodox defense, Botvinnik variation"]
[ECO "D60"]
[NIC "QO.12"]
[Time "18:32:19"]
[PlyCount "91"]
[TimeControl "2700+10"]

1. d4 d5 2. c4 e6 3. Nc3 Nf6 4. Bg5 Be7 5. e3 O-O 6. Nf3 Nbd7 7. Bd3 c6 8.
O-O h6 9. Bh4 b6 10. Rc1 Bb7 11. cxd5 cxd5 12. Nb5 a6 13. Nc7 Ra7 14. Qe2
a5 15. Bg3 Nh5 16. Be5 Nxe5 17. Nxe5 Nf6 18. Rc2 Bc8 19. Rfc1 Bd7 20. Qd2
Bd6 21. Nxd7 Qxd7 22. Nb5 Rb7 23. Rc6 Bc5 24. R6xc5 bxc5 25. dxc5 Ne4 26.
Qxa5 Rc8 27. b4 g6 28. h3 Rcb8 29. c6 Qc8 30. Na7 Qc7 31. Qxc7 Rxc7 32. Nb5
Rcc8 33. c7 Rb7 34. Rc2 Kf8 35. a4 Ke7 36. Bxe4 dxe4 37. Kf1 Rb6 38. Na7
Kd7 39. Nxc8 Kxc8 40. b5 f5 41. Ke2 Rb7 42. Kd2 Ra7 43. Rc4 e5 44. Kc3 f4
45. exf4 exf4 46. Kd4 { Black resigns } 1-0

[Event "ICC tourney 2462 (45 10)"]
[Site "Internet Chess Club"]
[Date "2021.03.20"]
[Round "4"]
[White "SHANKAR, PRANAV:pianoboy"]
[Black "BONNELL, LEO W:bonnelleo1"]
[Result "1-0"]
[ICCResult "Black resigns"]
[WhiteElo "1826"]
[BlackElo "1832"]
[Opening "QGD: Charousek (Petrosian) variation"]
[ECO "D31"]
[NIC "QO.05"]
[Time "18:32:10"]
[PlyCount "145"]
[TimeControl "2700+10"]

1. d4 d5 2. c4 e6 3. Nc3 Be7 4. cxd5 exd5 5. Bf4 c6 6. e3 Nf6 7. Bd3 Nbd7
8. Nf3 h6 9. h3 O-O 10. O-O Re8 11. Rb1 a5 12. a3 b5 13. Re1 Bb7 14. Bc2
Nf8 15. Rc1 Bd6 16. Bxd6 Qxd6 17. Ne5 N6d7 18. Nxd7 Nxd7 19. Qd3 Nf6 20. f3
Rad8 21. Rcd1 Qg3 22. Ne2 Qc7 23. Nc1 Bc8 24. e4 g6 25. e5 Bf5 26. Qd2 Bxc2
27. Qxc2 Nh5 28. e6 Nf4 29. exf7+ Qxf7 30. Qxc6 Rf8 31. Nd3 Rc8 32. Qd6
Nxd3 33. Rxd3 Rfd8 34. Qe6 Re8 35. Qxf7+ Kxf7 36. Rxe8 Rxe8 37. Kf2 Rc8 38.
Rc3 Rb8 39. Rc5 Ke6 40. Rc6+ Kf7 41. Rd6 b4 42. Rxd5 bxa3 43. bxa3 Rb2+ 44.
Kg3 Rd2 45. Rxa5 Rxd4 46. Ra7+ Kf6 47. a4 Rb4 48. h4 h5 49. a5 Ra4 50. a6
Ra3 51. Ra8 Ra5 52. Kf4 Ra4+ 53. Ke3 Kg7 54. g3 Kh7 55. Kd3 Ra3+ 56. Ke4
Kg7 57. a7 Ra1 58. Ke5 Re1+ 59. Kd6 Rd1+ 60. Kc6 Rc1+ 61. Kd5 Rd1+ 62. Ke4
Re1+ 63. Kf4 Ra1 64. Ke3 Ra3+ 65. Kf2 Ra2+ 66. Ke3 Ra3+ 67. Kd4 Ra1 68. f4
Rd1+ 69. Ke3 Ra1 70. g4 Ra3+ 71. Kf2 hxg4 72. h5 Ra5 73. hxg6 { Black
resigns } 1-0

[Event "ICC tourney 2462 (45 10)"]
[Site "Internet Chess Club"]
[Date "2021.03.20"]
[Round "4"]
[White "OBERAI, VIKRAM:vober6"]
[Black "CHAMPSI, IMRAN:imranchamp"]
[Result "1-0"]
[ICCResult "Black checkmated"]
[WhiteElo "1919"]
[BlackElo "1813"]
[Opening "Sicilian: Pelikan, Chelyabinsk variation"]
[ECO "B33"]
[NIC "SI.37"]
[Time "18:32:04"]
[PlyCount "143"]
[TimeControl "2700+10"]

1. e4 c5 2. Nf3 Nc6 3. d4 cxd4 4. Nxd4 Nf6 5. Nc3 e5 6. Ndb5 d6 7. Bg5 a6
8. Na3 b5 9. Nd5 Be7 10. Be3 Rb8 11. f3 O-O 12. Qd2 Nxd5 13. exd5 Nd4 14.
Bxd4 exd4 15. O-O-O Bf6 16. Bd3 Bb7 17. Be4 Re8 18. Qd3 h6 19. Rhe1 Qa5 20.
Qb3 Rbc8 21. Kb1 b4 22. Nc4 Qc5 23. Nd2 Re5 24. f4 Rh5 25. h3 Bxd5 26. Bxd5
Qxd5 27. Ne4 Bh4 28. g3 Qxb3 29. axb3 d5 30. Nd6 Rd8 31. Nxf7 Kxf7 32. gxh4
Rxh4 33. Rxd4 a5 34. Re3 g5 35. Rf3 Rxf4 36. Rfxf4+ gxf4 37. Rxf4+ Kg6 38.
c3 Rb8 39. Kc2 bxc3 40. bxc3 Kg5 41. Rd4 Rb5 42. Kd3 Kf6 43. Kc2 h5 44. Kd3
Ke6 45. Kc2 Kf6 46. Rh4 Kg5 47. Ra4 Kf6 48. Kb2 Rc5 49. Rd4 Kf5 50. Rd3 Ke4
51. Kc2 Rb5 52. Rd4+ Ke5 53. Rh4 Rb8 54. Rxh5+ Kd6 55. Kb2 a4 56. b4 d4 57.
Rh4 dxc3+ 58. Kxc3 Ra8 59. Kb2 Kc6 60. Ka3 Kb5 61. Rh5+ Kb6 62. h4 Kc6 63.
Ra5 Rh8 64. h5 Rf8 65. Kxa4 Rf4 66. Rg5 Rf5 67. Rxf5 Kd7 68. h6 Kc8 69. Rf7
Kd8 70. h7 Ke8 71. Ra7 Kf8 72. h8=Q# { Black checkmated } 1-0

[Event "ICC tourney 2462 (45 10)"]
[Site "Internet Chess Club"]
[Date "2021.03.20"]
[Round "5"]
[White "MARKOVIC, GORAN:Goran21"]
[Black "LI, DAVID TONGJIA:UltimateDL"]
[Result "0-1"]
[ICCResult "White resigns"]
[WhiteElo "1989"]
[BlackElo "1767"]
[Opening "Sicilian defense"]
[ECO "B30"]
[NIC "SI.31"]
[Time "21:02:26"]
[PlyCount "102"]
[TimeControl "2700+10"]

1. e4 c5 2. Nf3 Nc6 3. d3 g6 4. g3 Bg7 5. Bg2 Nf6 6. O-O O-O 7. Nbd2 d6 8.
Nc4 b5 9. e5 Nd7 10. Na3 b4 11. Nc4 d5 12. Ne3 e6 13. c4 bxc3 14. bxc3
Ncxe5 15. Nxe5 Nxe5 16. Rb1 Ba6 17. c4 dxc4 18. Qa4 Qxd3 19. Ba3 c3 20.
Rfd1 c2 21. Nxc2 Rab8 22. Rbc1 Qb5 23. Qxb5 Bxb5 24. Bxc5 Nd3 25. Bxf8 Nxc1
26. Bxg7 Ne2+ 27. Kh1 Kxg7 28. Rb1 Rc8 29. Na3 Bc6 30. Re1 Bd7 31. f4 Rc1
32. Rf1 Rxf1+ 33. Bxf1 Bc6+ 34. Bg2 Bxg2+ 35. Kxg2 Nc3 36. Kf3 Nxa2 37. Ke3
Nb4 38. Kd4 Kf6 39. Kc4 Nd5 40. Nc2 a6 41. Kc5 Kf5 42. Nd4+ Ke4 43. Nc6 Kf3
44. Ne5+ Kg2 45. Nxf7 Kxh2 46. Ng5 Kxg3 47. Nxh7 Kxf4 48. Nf8 Kf5 49. Kd6
Nf4 50. Nd7 g5 51. Ne5 g4 { White resigns } 0-1

[Event "ICC tourney 2462 (45 10)"]
[Site "Internet Chess Club"]
[Date "2021.03.20"]
[Round "5"]
[White "SHANKAR, PRANAV:pianoboy"]
[Black "QIN, VINCENT:VQinchess"]
[Result "0-1"]
[ICCResult "White resigns"]
[WhiteElo "1826"]
[BlackElo "1855"]
[Opening "King's Indian: Makagonov system (5.h3)"]
[ECO "E71"]
[NIC "KI.20"]
[Time "21:02:31"]
[PlyCount "88"]
[TimeControl "2700+10"]

1. d4 Nf6 2. c4 g6 3. Nc3 Bg7 4. e4 d6 5. h3 O-O 6. Nf3 Nbd7 7. Be3 e5 8.
d5 a5 9. g4 b6 10. Bd3 Nc5 11. Bc2 h5 12. g5 Nh7 13. a3 Bd7 14. Nd2 Nxg5
15. h4 Nh3 16. Nf3 Nf4 17. Rg1 Bg4 18. Rh1 Ng2+ 19. Kd2 Nxe3 20. Kxe3 Bh6+
21. Ke2 Qf6 22. Rh3 Bxh3 23. Ng1 Bg4+ 24. f3 Bd7 25. b4 axb4 26. axb4 Rxa1
27. Qxa1 Nb7 28. Nd1 Qf4 29. Qc3 Ra8 30. Nh3 Qh2+ 31. Nhf2 Qxh4 32. Bb3 Ra3
33. Qb2 Ra8 34. Ne3 Bxe3 35. Kxe3 Qf4+ 36. Ke2 Ba4 37. Bxa4 Rxa4 38. c5
dxc5 39. bxc5 Nxc5 40. Qb5 Ra2+ 41. Kf1 Qc1+ 42. Kg2 Qb2 43. Qe8+ Kg7 44.
d6 Qxf2+ { White resigns } 0-1

[Event "ICC tourney 2462 (45 10)"]
[Site "Internet Chess Club"]
[Date "2021.03.20"]
[Round "5"]
[White "STEINER, ADAMSON:poohfur"]
[Black "LIU, PATRICK PEIJUN:JunlinTheWorld"]
[Result "0-1"]
[ICCResult "White resigns"]
[WhiteElo "1692"]
[BlackElo "1869"]
[Opening "Sicilian: dragon, Yugoslav attack, 10.O-O-O"]
[ECO "B78"]
[NIC "SI.18"]
[Time "21:02:29"]
[PlyCount "58"]
[TimeControl "2700+10"]

1. e4 c5 2. Nf3 d6 3. d4 cxd4 4. Nxd4 Nf6 5. Nc3 g6 6. f3 Bg7 7. Be3 O-O 8.
Qd2 Nc6 9. Bc4 Bd7 10. O-O-O Rc8 11. Bb3 Ne5 12. h4 h5 13. g4 hxg4 14. h5
Nxh5 15. Bh6 e6 16. Bxg7 Kxg7 17. fxg4 Nxg4 18. Rdg1 Ngf6 19. Nde2 Rh8 20.
Qxd6 Bc6 21. Qe5 Qc7 22. Qg5 Bxe4 23. Nxe4 Nxe4 24. Qg2 Nef6 25. Kb1 Qc6
26. Qg5 Ne4 27. Qe3 Nhf6 28. Nf4 Rxh1 29. Rxh1 Nd2+ { White resigns } 0-1